 Dungeon Crawl Stone Soup version 0.22.1-5-g62c59d9 (webtiles) character file.

1040 Tr0llz0r the Chopper (level 8, -7/59 HPs)
             Began as a Demonspawn Gladiator on Jan 7, 2019.
             Was a Follower of Okawaru.
             Mangled by an orc warrior
             ... wielding a +3 dire flail
              (12 damage)
             ... on level 6 of the Dungeon.
             The game lasted 00:17:29 (5116 turns).

Tr0llz0r the Chopper (Demonspawn Gladiator)         Turns: 5116, Time: 00:17:29

Health: -7/59      AC: 12    Str: 17    XL:     8   Next: 4%
Magic:  8/8        EV:  4    Int:  9    God:    Okawaru [*.....]
Gold:   279        SH:  8    Dex: 19    Spells: 7/7 levels left

rFire    x . .     SeeInvis +   a - +0 war axe
rCold    + . .     Gourm    .   b - +0 shield
rNeg     . . .     Faith    .   n - +0 plate armour
rPois    .         Spirit   .   (helmet restricted)
rElec    .         Reflect  .   (no cloak)
rCorr    .         Harm     .   (no gloves)
MR       .....                  h - +0 pair of boots
Stlth    ..........             (no amulet)
HPRegen  0.19/turn              g - ring of see invisible
MPRegen  0.11/turn              j - ring of ice

@: no status effects
A: horns 1, thin skeletal structure 2, rot immunity
a: Heroism, Renounce Religion


You were on level 6 of the Dungeon.
You worshipped Okawaru.
Okawaru was aware of your devotion.
You were not hungry.

You visited 2 branches of the dungeon, and saw 7 of its levels.

You collected 279 gold pieces.

Inventory:

Hand Weapons
 a - a +0 war axe (weapon)
 r - a +0 shortbow
Missiles
 d - 2 throwing nets (quivered)
 e - 226 stones
 p - 49 arrows
 s - 23 bolts
Armour
 b - a +0 shield (worn)
 c - a +1 helmet
 h - a +0 pair of boots (worn)
 n - a +0 plate armour (worn)
Magical Staves
 o - an uncursed staff of wizardry
Jewellery
 g - a ring of see invisible (left hand)
 j - a ring of ice (right hand)
Scrolls
 i - a scroll of identify
 k - 7 scrolls of remove curse
 l - a scroll of teleportation
Potions
 m - a potion of flight
 q - a potion of berserk rage
Comestibles
 f - 10 rations


   Skills:
 + Level 3.6 Fighting
 + Level 6.5 Axes
 + Level 1.9 Throwing
 + Level 3.5 Armour
 + Level 3.8 Dodging
 + Level 1.5 Stealth
 + Level 1.2 Shields
 + Level 0.3 Invocations


You had 7 spell levels left.
You didn't know any spells.
Your spell library was empty.

Dungeon Overview and Level Annotations

Branches:
Dungeon (6/15)             Temple (1/1) D:4

Altars:
Ashenzari
Cheibriados
Dithmenos
Elyvilon
Fedhas
Gozag
Hepliaklqana
Kikubaaqudgha
Makhleb
Nemelex Xobeh
Okawaru
Qazlal
Ru
Trog
Uskayaw
Vehumet
Wu Jian
Xom
Yredelemnul
Zin
The Shining One


Innate Abilities, Weirdness & Mutations

You have a pair of small horns on your head.
You have a moderately thin skeletal structure. (Dex +4, Stealth+)
You are immune to rotting.


Message History

The orc warrior hits you with an enchanted dire flail.
You barely miss the orc warrior.
The orc warrior is severely wounded.
The orc warrior hits you but does no damage.
You closely miss the orc warrior.
The orc warrior is severely wounded.
You block the orc warrior's attack.
You hit the orc warrior but do no damage.
The orc warrior is severely wounded.
The orc warrior hits you with an enchanted dire flail!!
* * * LOW HITPOINT WARNING * * *
Your shield and plate armour prevent you from hitting the orc warrior.
Your headbutt misses the orc warrior.
The orc warrior is severely wounded.
The orc warrior hits you but does no damage.
You barely miss the orc warrior.
You headbutt the orc warrior, but do no damage.
The orc warrior is severely wounded.
The orc warrior hits you with an enchanted dire flail!
You die...

...##........###?#
#..............#
#.#.#.......####
#......#$.#)#
#....#.#.)#.#
#....#.#.)#.##
#...)........#
#.....(.[o...#
#).......@...#
...........#
...........#
...........#
...........#
$..(.....=.#
...........#
###.........


You could see an orc warrior.

Vanquished Creatures
  2 ice beasts (D:5)
  An ogre (D:6)
  2 centaurs
  A howler monkey (D:5)
  3 crimson imps
  A hound (D:4)
  An orc wizard (D:6)
  A bullfrog skeleton (D:5)
  A jelly (D:5)
  An orc priest (D:6)
  Natasha (D:4)
  3 worker ants (D:5)
  6 adders
  7 gnolls
  3 shadow imps (D:5)
  2 adder skeletons
  2 worms (D:2)
  A dart slug (D:2)
  A leopard gecko (D:3)
  7 orcs
  7 bats
  6 giant cockroaches
  11 goblins
  6 hobgoblins
  8 jackals
  5 kobolds
  A quokka (D:2)
  5 frilled lizards
  A quokka skeleton (D:6)
  8 rats
105 creatures vanquished.

Vanquished Creatures (others)
  Sigmund (D:6)
  A worker ant (D:6)
  2 leopard geckos (D:6)
  A jackal (D:6)
  A quokka (D:6)
6 creatures vanquished.

Grand Total: 111 creatures vanquished

Notes
Turn   | Place    | Note
-------+----------+-------------------------------------------
     0 | D:1      | Tr0llz0r the Demonspawn Gladiator began the quest for the
                  | Orb.
     0 | D:1      | Reached XP level 1. HP: 16/16 MP: 1/1
   115 | D:1      | Gained mutation: You have a somewhat thin skeletal
                  | structure. (Dex +2, Stealth) [demonic ancestry]
   115 | D:1      | Reached XP level 2. HP: 21/22 MP: 2/2
   306 | D:1      | Reached skill level 3 in Axes
   741 | D:2      | Reached XP level 3. HP: 26/27 MP: 3/3
   921 | D:2      | Gained mutation: You have a moderately thin skeletal
                  | structure. (Dex +4, Stealth+) [demonic ancestry]
   921 | D:2      | Reached XP level 4. HP: 9/33 MP: 4/4
  1238 | D:2      | Reached skill level 1 in Armour
  1679 | D:3      | Reached skill level 4 in Axes
  2085 | D:4      | Noticed Natasha
  2087 | D:4      | Reached XP level 5. HP: 21/39 MP: 5/5
  2087 | D:4      | Reached skill level 1 in Stealth
  2099 | D:4      | Killed Natasha
  2379 | D:4      | Noticed a centaur
  2392 | D:4      | Killed a centaur
  2392 | D:4      | Gained mutation: You are immune to rotting. [demonic
                  | ancestry]
  2392 | D:4      | Reached XP level 6. HP: 32/46 MP: 6/6
  2496 | D:4      | Found a staircase to the Ecumenical Temple.
  2625 | Temple   | Entered the Ecumenical Temple
  2667 | Temple   | Became a worshipper of Warmaster Okawaru
  3121 | D:5      | Entered Level 5 of the Dungeon
  3121 | D:5      | Noticed an ice beast
  3131 | D:5      | Killed an ice beast
  3131 | D:5      | Reached skill level 5 in Axes
  3202 | D:5      | Reached * piety under Okawaru
  3488 | D:5      | Gained mutation: You have a pair of small horns on your
                  | head. [demonic ancestry]
  3488 | D:5      | Reached XP level 7. HP: 52/52 MP: 7/7
  3558 | D:5      | Reached skill level 6 in Axes
  3566 | D:5      | Reached skill level 1 in Shields
  4926 | D:6      | Reached XP level 8. HP: 41/59 MP: 6/8
  4950 | D:6      | Killed Sigmund
  4967 | D:6      | Found a shimmering altar of Xom.
  5116 | D:6      | Mangled by an orc warrior

Skill      XL: |  1  2  3  4  5  6  7 |
---------------+----------------------+-----
Dodging        | 3 |  3.8
Axes           | 3 4 5 6 |  6.5
Armour         | 1 2 3 |  3.5
Stealth        | 1 |  1.5
Fighting       | 3 |  3.6
Shields        | 1 |  1.2
Throwing       | |  1.9
Invocations    | |  0.3

Action                   |  1- 3 |  4- 6 |  7- 9 || total
-------------------------+-------+-------+-------++-------
Melee: War axe           |    68 |   140 |    95 ||   303
       Headbutt          |       |       |    18 ||    18
Throw: Throwing net      |     1 |       |       ||     1
Invok: Heroism           |       |       |     3 ||     3
  Use: Potion            |     3 |     3 |     4 ||    10
       Scroll            |     7 |     4 |     2 ||    13
 Stab: Sleeping          |       |     7 |       ||     7
  Eat: Ration            |       |     3 |     1 ||     4
Armor: Leather armour    |    27 |    36 |       ||    63
       Plate armour      |       |    38 |    72 ||   110
Dodge: Dodged            |    64 |   107 |    32 ||   203
Block: Shield            |       |    15 |    56 ||    71
